 Dungeon Crawl Stone Soup version 0.15-a0-335-g04a2ae6 (webtiles) character file.

613 Infinimo the Poker (level 6, -8/50 HPs)
             Began as a Minotaur Death Knight on May 1, 2014.
             Was a Priest of Yredelemnul.
             Mangled by an ogre
             ... wielding a +0,+0 giant club
              (13 damage)
             ... on Level 5 of the Dungeon.
             The game lasted 00:07:49 (3878 turns).

Infinimo the Poker (Minotaur Death Knight)          Turns: 3878, Time: 00:07:50

HP  -8/50        AC 15     Str 17      XL: 6   Next: 39%
MP   4/5         EV  5     Int 10      God: Yredelemnul [***...]
Gold 249         SH  0     Dex 10      Spells:  0 memorised,  5 levels left

rFire  . . .     SeeInvis .     a - +1,+2 spear
rCold  . . .     Clarity  .     e - +0 plate armour
rNeg   . . .     Conserve .     (no shield)
rPois  .         rCorr    .     (helmet restricted)
rElec  .         rRot     .     w - +2 cloak
SustAb . .       Spirit   .     (no gloves)
rMut   .         Warding  .     (no boots)
Saprov . . .     Stasis   .     (no amulet)
MR     .....                    (no ring)
                                (no ring)

@: not resistant to hostile enchantments, extremely unstealthy
A: retaliatory headbutt, horns 2
a: Animate Dead, Recall Undead Slaves, Injury Mirror, Renounce Religion


You were on level 5 of the Dungeon.
You worshipped Yredelemnul.
Yredelemnul was most pleased with you.
You were starving.

You visited 1 branch of the dungeon, and saw 5 of its levels.

You collected 249 gold pieces.

Inventory:

Hand weapons
 a - a +1,+2 spear (weapon)
Armour
 e - a +0 plate armour (worn)
 w - a +2 cloak (worn)
Magical devices
 A - a wand of slowing (15) {unknown}
Comestibles
 c - 3 bread rations
 d - a lemon
 h - 2 pears
 n - 3 meat rations
 x - a snozzcumber
Scrolls
 b - 3 scrolls of immolation
 f - 2 scrolls of enchant armour
 r - a scroll of identify
 y - a scroll of teleportation
 C - 2 scrolls of remove curse
Jewellery
 o - a cursed amulet of inaccuracy
 s - an uncursed amulet of warding
Potions
 i - 7 potions of heal wounds
 j - 2 potions of brilliance
 k - 4 potions of curing
 l - a potion of mutation {unknown}
 m - a potion of restore abilities {unknown}
 u - a potion of poison {unknown}
 B - a potion of might {unknown}


   Skills:
 - Level 2.4 Fighting
 * Level 6.7 Polearms
 + Level 4.7 Armour
 - Level 1.1 Dodging
 - Level 2.6 Invocations


You had 5 spell levels left.
You didn't know any spells.

Dungeon Overview and Level Annotations

Branches:
Dungeon (5/15)
 Temple: D:4-7

Altars:
Dithmenos
The Shining One

Annotations:
D:4 Pikel


Innate Abilities, Weirdness & Mutations

You reflexively headbutt those who attack you in melee.
You have a pair of horns on your head.


Message History

The ogre is severely wounded.
The ogre hits you with a giant club!
* * * LOW HITPOINT WARNING * * *
You see here a club.
You see here a dart of frost.
Attack whom?
Press: ? - help, Dir - move target cursor, f/p - ogre
Aim: an ogre, wielding a giant club (severely wounded)
You reach to attack!
The ogre is almost dead.
The ogre is almost dead.
You are starving!
The ogre hits you with a giant club.
* * * LOW HITPOINT WARNING * * *
Unknown command.
The ogre is almost dead.
The ogre is almost dead.
The ogre hits you with a giant club!
You die...
Your body rises from the dead as a mindless zombie.

#....# ##().## #....#
##(..# #....# ##Z..##
## ##....# #.
##...>## ##.
###O...## ###..
#..@..###### #....
##.....##...#####....
#....###......##....#
#...###.......##...##
#.....#...#...##....#
##....#...#....##...#
#........#.....#...#
###.....####.......#
##...## #......##
##### ###...##


You could see an ogre and a friendly scorpion zombie.

Vanquished Creatures
  A scorpion (D:5)
  A jelly (D:5)
  2 worker ants
  2 orc wizards (D:3)
  Jessica (D:3)
  6 adders
  A giant mite (D:3)
  A worm (D:3)
  An ooze (D:2)
  9 orcs
  4 giant cockroaches
  9 goblins
  12 hobgoblins
  6 jackals
  14 kobolds
  2 quokkas
  10 bats
  2 giant geckos (D:3)
  2 giant newts
  12 rats
98 creatures vanquished.

Vanquished Creatures (collateral kills)
  A worm (D:5)
1 creature vanquished.

Vanquished Creatures (others)
  A bat zombie (D:2)
  A hobgoblin zombie (D:5)
  3 jackal zombies (D:5)
  2 kobold zombies (D:3)
7 creatures vanquished.

Grand Total: 106 creatures vanquished

Notes
Turn   | Place    | Note
--------------------------------------------------------------
     0 | D:1      | Infinimo, the Minotaur Death Knight, began the quest for the Orb.
     0 | D:1      | Reached XP level 1. HP: 18/18 MP: 1/1
   113 | D:1      | Reached XP level 2. HP: 25/25 MP: 1/1
   224 | D:1      | Reached skill level 3 in Polearms
   725 | D:2      | Acquired Yredelemnul's second power
   732 | D:2      | Reached XP level 3. HP: 30/30 MP: 3/3
  1134 | D:3      | Reached skill level 4 in Polearms
  1183 | D:3      | Noticed Jessica
  1248 | D:3      | Killed Jessica
  1248 | D:3      | Reached XP level 4. HP: 20/37 MP: 2/3
  1440 | D:3      | Reached skill level 5 in Polearms
  1539 | D:3      | Found a glowing golden altar of the Shining One.
  1720 | D:3      | Reached XP level 5. HP: 40/42 MP: 4/4
  1911 | D:3      | Acquired Yredelemnul's third power
  2332 | D:4      | Found a shadowy altar of Dithmenos.
  2688 | D:4      | Noticed Pikel
  2688 | D:4      | Noticed a slave
  2688 | D:4      | Noticed a slave
  2688 | D:4      | Noticed a slave
  2688 | D:4      | Noticed a slave
  3156 | D:4      | Reached skill level 6 in Polearms
  3177 | D:5      | Entered Level 5 of the Dungeon
  3309 | D:5      | Reached XP level 6. HP: 50/50 MP: 2/5
  3850 | D:5      | Noticed an ogre
  3878 | D:5      | Mangled by an ogre

Action                   |  1- 3 |  4- 6 || total
-------------------------+-------+-------++-------
Melee: Spear             |   151 |   292 ||   443
Invok: Animate Remains   |     4 |     1 ||     5
       Animate Dead      |       |     4 ||     4
       Recall Undead Sla |       |     1 ||     1
  Use: Scroll            |       |    14 ||    14
